 Dungeon Crawl Stone Soup version 0.29.1-13-g9f3cf754e1 (webtiles) character file.

Game seed: 10406401868596157327

998 Tzialkovskiy the Digger (level 8, -15/41 HPs)
             Began as a Gargoyle Earth Elementalist on Jan 26, 2023.
             Was an Initiate of Gozag.
             Killed from afar by Dowan (19 damage)
             ... with a shard of ice
             ... on level 5 of the Dungeon.
             The game lasted 00:12:32 (6062 turns).

Tzialkovskiy the Digger (GrEE)                      Turns: 6062, Time: 00:12:33

Health: -15/41     AC: 12    Str: 19    XL:     8   Next: 19%
Magic:  3/15       EV: 11    Int: 21    God:    Gozag
Gold:   1461       SH:  0    Dex: 10    Spells: 13/17 levels left

rFire   . . .      SeeInvis .   A - +2 dagger (venom)
rCold   . . .      Faith    .   (no shield)
rNeg    + . .      Spirit   .   a - +0 robe
rPois   ∞          Reflect  .   v - +0 helmet
rElec   +          Harm     .   (no cloak)
rCorr   .          Rampage  .   (no gloves)
Will    .....                   (no boots)
Stlth   ++........              (no amulet)
HPRegen 0.13/turn               u - +4 ring of protection
MPRegen 0.14/turn               z - ring "Poups" {Str+6 Int+4 Slay+5}

@: gold aura
A: sickness immunity, AC +5, negative energy resistance 1, electricity
resistance, torment resistance 1, petrification resistance
a: Renounce Religion, Potion Petition, Call Merchant, Bribe Branch


You were on level 5 of the Dungeon.
You worshipped Gozag.
Gozag was most pleased with you.
You visited 1 branch of the dungeon, and saw 5 of its levels.

You collected 1594 gold pieces.
You spent 95 gold pieces at shops.
You paid 38 gold pieces to Gozag.

Inventory:

Hand Weapons
 g - a +0 dagger
 A - a +2 dagger of venom (weapon)
Missiles
 c - 7 poisoned darts
 q - 10 curare-tipped darts
Armour
 a - a +0 robe (worn)
 v - a +0 helmet (worn)
 C - a +0 leather armour of cold resistance
Jewellery
 s - a ring of resist corrosion
 u - a +4 ring of protection (left hand)
 x - a ring of wizardry
 z - the ring "Poups" (right hand) {Str+6 Int+4 Slay+5}
   (You acquired it on level 4 of the Dungeon)

   [ring of strength]

   Str:       It affects your strength (+6).
   Int:       It affects your intelligence (+4).
   Slay:      It affects your accuracy & damage with ranged weapons and melee
   (+5).
Wands
 w - a wand of polymorph (12)
Scrolls
 f - a scroll of enchant armour
 h - a scroll of butterflies
 i - 3 scrolls of amnesia
 n - a scroll of fear {unknown}
 o - 2 scrolls of blinking
 t - a scroll of summoning {unknown}
Potions
 b - 3 potions of magic
 d - 2 potions of mutation {unknown}
 e - a potion of haste {unknown}
 j - 3 potions of might {unknown}
 k - 5 potions of curing
 l - a potion of attraction {unknown}
 m - 2 potions of flight {unknown}
 p - a potion of heal wounds {unknown}
 r - a potion of berserk rage {unknown}
 B - a potion of degeneration {unknown}


   Skills:
 - Level 1.5 Dodging
 - Level 2.1 Stealth
 + Level 5.0 Spellcasting
 + Level 5.4 Conjurations
 * Level 1.6 Transmutations
 + Level 7.2 Earth Magic


You had 13 spell levels left.
You knew the following spells:

 Your Spells              Type           Power      Damage    Failure   Level
a - Sandblast             Erth           70%        2d15      1%          1
b - Stone Arrow           Conj/Erth      64%        3d11      2%          3

Your spell library contained the following spells:

 Spells                   Type           Power      Damage    Failure   Level
 Passwall                 Tmut/Erth      20%        N/A       2%          2
 Petrify                  Tmut/Erth      24%        N/A       17%         4
 Summon Guardian Golem    Hex/Summ       5%         N/A       32%         3
 Orb of Destruction       Conj           14%        9d7       100%        7
 Spellforged Servitor     Conj/Summ      8%         N/A       100%        7


Dungeon Overview and Level Annotations

Branches:
Dungeon (5/15)             Temple (0/1) D:4

Altars:
Elyvilon
Fedhas
Gozag
Qazlal
Trog
Xom

Shops:
D:1 ?

Annotations:
D:4 exclusion: oklob plant
D:5 Dowan


Innate Abilities, Weirdness & Mutations

You are immune to sickness and miasma.
Your stone body is resilient. (AC +5)
You are immune to poison.
You resist negative energy. (rN+)
You are resistant to electric shocks. (rElec)
You are resistant to unholy torment.
You are immune to petrification.


Message History

You are too injured to fight recklessly!
You are too injured to fight recklessly!
You hit Duvessa but do no damage.
Duvessa is poisoned.
Duvessa is almost dead.
Duvessa barely misses you. Dowan hits you but does no damage.
You hit Dowan.
Dowan is almost dead.
Duvessa hits you but does no damage. Duvessa barely misses you.
Dowan says, "My weaknesses are her strengths!"
Dowan hits you but does no damage.
You hit Duvessa but do no damage.
Duvessa looks as sick as possible!
Duvessa is almost dead.
Duvessa hits you but does no damage.
Dowan says, "Magic and the sword, together, will defeat you."
Dowan points at you and mumbles some strange words.
You resist with some effort.
You hit Duvessa.
Duvessa is almost dead.
Duvessa hits you but does no damage. Duvessa hits you with a +0 short sword.
* * * LOW HITPOINT WARNING * * *
Dowan hits you but does no damage.
You closely miss Duvessa.
Duvessa is almost dead.
You kill Duvessa!
Dowan screams, "No!
Oh no!"
Dowan seems to find hidden reserves of power!
Dowan hits you with a +0 dagger.
* * * LOW HITPOINT WARNING * * *
Your Spellcasting skill increases to level 5!
Casting: Sandblast (safe; 1% risk of failure)
Confirm with . or Enter, or press ? or * to list all spells.
Aiming: Stone Arrow (dangerous; 2% risk of failure)
Press: ? - help, Shift-Dir - straight line, f - Dowan
Aim: Dowan, wielding a +0 dagger and wearing a +0 robe (almost dead, fast, 64% to hit)
The stone arrow misses Dowan.
Dowan hits you with a +0 dagger.
* * * LOW HITPOINT WARNING * * *
Dowan gestures at you while chanting. The shard of ice hits you!!
You die...
Your body crumbles into a pile of gold.

.##. . ..e$.
.## ... ..#
.§l#$#
#..##.#$###.#
#.....$.....#
#.# #.####.#
#..e@<.#
########


You could see Dowan (fast).

Vanquished Creatures
  Grinder (D:4)
  Duvessa (D:5)
  An ogre (D:4)
  A phantom (D:4)
  A necrophage (D:4)
  A scorpion (D:4)
  5 orc priests
  3 iguanas
  4 adders
  5 gnolls
  A worm (D:4)
  4 dart slugs
  11 orcs
  8 bats
  4 endoplasms
  3 giant cockroaches
  6 goblins
  8 hobgoblins
  3 jackals (D:3)
  8 quokkas
  9 ball pythons
  3 frilled lizards
  5 kobolds
  6 rats
102 creatures vanquished.

Vanquished Creatures (others)
  A wizard (D:3)
  37 plants (D:2)
38 creatures vanquished.

Grand Total: 140 creatures vanquished

Notes
Turn   | Place    | Note
-------+----------+-------------------------------------------
     0 | D:1      | Tzialkovskiy the Gargoyle Earth Elementalist began the
                  | quest for the Orb.
     0 | D:1      | Reached XP level 1. HP: 10/10 MP: 3/3
   178 | D:1      | Found Hittaduf's Magic Scroll Shop.
   204 | D:1      | Reached XP level 2. HP: 1/15 MP: 0/5
   528 | D:1      | Reached skill level 1 in Conjurations
   824 | D:1      | Found a faded altar of an unknown god.
   826 | D:1      | Reached skill level 4 in Earth Magic
  1494 | D:2      | Reached XP level 3. HP: 19/19 MP: 4/6
  1957 | D:2      | Found an opulent altar of Gozag.
  2038 | D:2      | Reached XP level 4. HP: 23/24 MP: 5/8
  2393 | D:2      | Became a worshipper of Gozag Ym Sagoz the Greedy
  2894 | D:1      | Bought a scroll of blinking for 75 gold pieces
  2894 | D:1      | Bought a scroll of identify for 20 gold pieces
  2896 | D:1      | Identified a scroll of acquirement
  2897 | D:1      | Acquired 961 gold pieces
  3556 | D:3      | Found a stormy altar of Qazlal.
  3656 | D:3      | Reached skill level 5 in Earth Magic
  3656 | D:3      | Reached XP level 5. HP: 28/28 MP: 2/9
  3956 | D:3      | Found a shimmering altar of Xom.
  4122 | D:3      | Found a bloodstained altar of Trog.
  4123 | D:3      | Noticed a wizard
  4128 | D:3      | Killed a wizard
  4389 | D:4      | Reached XP level 6. HP: 30/32 MP: 5/11
  4486 | D:4      | Found a white marble altar of Elyvilon.
  4491 | D:4      | Learned a level 3 spell: Stone Arrow
  4564 | D:4      | Found a staircase to the Ecumenical Temple.
  4894 | D:4      | Acquired the ring "Poups" {Str+6 Int+4 Slay+5}
  4940 | D:4      | Reached skill level 6 in Earth Magic
  4940 | D:4      | Reached XP level 7. HP: 36/36 MP: 9/13
  5282 | D:4      | Noticed Grinder
  5287 | D:4      | Killed Grinder
  5288 | D:4      | Reached skill level 5 in Conjurations
  5371 | D:4      | Reached skill level 7 in Earth Magic
  5643 | D:4      | Found a blossoming altar of Fedhas.
  5662 | D:4      | Noticed an oklob plant
  5976 | D:5      | Entered Level 5 of the Dungeon
  5982 | D:5      | Reached skill level 1 in Transmutations
  5982 | D:5      | Reached XP level 8. HP: 41/41 MP: 13/15
  5982 | D:5      | Noticed Duvessa
  5983 | D:5      | Noticed Dowan
  6061 | D:5      | Killed Duvessa
  6062 | D:5      | Reached skill level 5 in Spellcasting
  6062 | D:5      | Killed from afar by Dowan

Illustrated notes

Levels and vault maps discovered:
D:1:      nzn_arrival_settlement, layout_basic,
          hellmonk_ecumenical_altar_run_dry, serial_shops,
          nicolae_shop_statue_plus, minmay_splitting_lines, chequers_garden
D:2:      wad_woods_stonehenge, layout_loops_corners, dk_noncrumbling_3
D:3:      cheibrodos_old_hovel, layout_basic, amcnicky_altar_gilded,
          grunt_qazlal_sundering, trog_wizard
D:4:      minmay_diamond_boxcup, layout_loops_cross,
          mainiacjoe_overflow_alcove_2, tgw_fedhas, temple_statues, uniq_grinder
D:5:      layout_loops_cross, nemelex_dance_club_becter,
          nicolae_ossuary_entry_giza, uniq_duvessa

Skill      XL: |  1  2  3  4  5  6  7  8 |
---------------+-------------------------+-----
Conjurations   | 1 2 3 4 5 |  5.4
Earth Magic    | 4 5 6 7 |  7.2
Spellcasting   | 3 4 5 |  5.0
Transmutations | 1 |  1.6
Dodging        | |  1.5
Stealth        | |  2.1

Action                   |  1- 3 |  4- 6 |  7- 9 || total
-------------------------+-------+-------+-------++-------
Melee: Unarmed           |    15 |       |       ||    15
       Dagger            |     4 |    13 |     8 ||    25
 Cast: Sandblast         |    49 |    90 |    35 ||   174
       Stone Arrow       |       |     1 |     4 ||     5
  Use: Scroll            |       |     5 |     2 ||     7
       Potion            |       |       |     1 ||     1
Armor: Robe              |    13 |    25 |    25 ||    63
Dodge: Dodged            |    38 |    31 |    18 ||    87
